 Dungeon Crawl Stone Soup version 0.31-a0-426-g3a05650e59 (webtiles) character file.

Game seed: 7502737462471674798

51 shadowstone the Shooter (level 4, -2/29 (34) HPs)
             Began as a Formicid Hunter on July 30, 2023.
             Was an Initiate of Gozag.
             Slain by a phantom (5 damage)
             ... on level 5 of the Dungeon.
             The game lasted 00:07:22 (1460 turns).

shadowstone the Shooter (Formicid Hunter)           Turns: 1460, Time: 00:07:23

HP:   -2/29 (34)    AC:  3    Str: 16    XL:     4   Next: 5%
MP:   4/4           EV: 12    Int:  8    God:    Gozag
Gold: 142           SH:  0    Dex: 19    Spells: 3/3 levels left

rFire   . . .        a - +0 shortbow
rCold   . . .        (no shield)
rNeg    . . .        c - +0 leather armour
rPois   .            (helmet unavailable)
rElec   .            (no cloak)
rCorr   .            (no gloves)
SInv    +            (no boots)
Will    .....        (no amulet)
Stlth   ++           (no ring)
HPRegen 0.24/turn    (no ring)
MPRegen 0.09/turn

%: no passive effects
@: heavily drained
A: permanent stasis, dig shafts and tunnels, antennae 3, four strong arms
a: Dig, Shaft Self, Renounce Religion, Potion Petition, Call Merchant, Bribe
Branch


You were on level 5 of the Dungeon.
You worshipped Gozag.
Gozag was aware of your devotion.
You visited 1 branch of the dungeon, and saw 5 of its levels.

You collected 142 gold pieces.

Inventory:

Hand Weapons
 a - a +0 shortbow (weapon)
Missiles
 h - 6 poisoned darts
Armour
 c - a +0 leather armour (worn)
 n - a +0 helmet
Wands
 g - a wand of flame (12) (quivered)
Scrolls
 d - 3 scrolls of identify {unknown}
 i - a scroll of enchant armour {unknown}
 k - a scroll of blinking {unknown}
 m - a scroll of fog {unknown}
Potions
 e - a potion of cancellation {unknown}
 f - a potion of might {unknown}
 j - a potion of heal wounds {unknown}
 l - a potion of lignification {unknown}
 o - a potion of mutation {unknown}


   Skills:
 + Level 2.4 Fighting
 + Level 5.0 Ranged Weapons
 + Level 0.2 Armour
 + Level 2.0 Dodging
 + Level 1.3 Stealth


You had 3 spell levels left.
You didn't know any spells.
Your spell library contained the following spells:

 Spells                   Type           Power      Damage    Failure   Level
 Ignite Poison            Fire/Tmut/Pois 0%         N/A       85%         3
 Sticky Flame             Conj/Fire      0%         2d3       99%         4
 Ignition                 Fire           0%         3d3       100%        8


Dungeon Overview and Level Annotations

Branches:
Dungeon (5/15)
 Temple: D:4-7

Altars:
Gozag

Annotations:
D:4 Natasha


Innate Abilities, Weirdness & Mutations

You cannot be hasted, slowed, berserked, paralysed or teleported.
You can dig through walls and to a lower floor.
You have a pair of large antennae on your head. (SInv)
Your four strong arms can wield two-handed weapons with a shield.


Message History

There is a stone staircase leading up here.
A phantom comes into view.
The puff of flame hits the phantom.
The phantom is lightly damaged.
The puff of flame hits the phantom.
The phantom is lightly damaged.
The puff of flame misses the phantom.
The phantom hits you.
The puff of flame hits the phantom.
The phantom is moderately damaged.
The phantom hits you.
The puff of flame misses the phantom.
The phantom closely misses you.
The puff of flame misses the phantom.
The phantom hits you.
The puff of flame misses the phantom.
The phantom closely misses you.
The puff of flame hits the phantom.
The phantom is heavily damaged.
The phantom hits you.
You are too injured to fight recklessly!
You are too injured to fight recklessly!
The phantom hits you but does no damage.
You shoot an arrow. The arrow barely misses the phantom.
The phantom hits you.
You shoot an arrow.
The arrow completely misses the phantom.
The phantom hits you but does no damage.
You shoot an arrow. The arrow closely misses the phantom.
The phantom hits you.
* * * LOW HITPOINT WARNING * * *
You shoot an arrow. The arrow hits the phantom.
The phantom is heavily damaged.
The phantom misses you.
You shoot an arrow. The arrow misses the phantom.
The phantom closely misses you.
You shoot an arrow. The arrow hits the phantom.
The phantom is severely damaged.
The phantom closely misses you. x2
You shoot an arrow. The arrow closely misses the phantom.
The phantom hits you.
* * * LOW HITPOINT WARNING * * *
You shoot an arrow. The arrow hits the phantom.
The phantom is almost destroyed.
The phantom hits you.
You die...
Your body crumbles into a pile of gold.

########
##......##
##........##
#..........#
#..........#
#..........#
#...W.......
#...@......###
##...........
#..........#
#..........#
#..........#
#..........#
#.......<..#
##........##
##......##


You could see a phantom.

Vanquished Creatures
  2 worms
  A dart slug (D:4)
  3 orcs
  4 giant cockroaches
  2 goblins
  5 hobgoblins
  2 quokkas
  4 ball pythons
  6 bats
  2 frilled lizards
  2 kobolds (D:1)
  5 rats
38 creatures vanquished.

Notes
Turn   | Place    | Note
-------+----------+-------------------------------------------
     0 | D:1      | shadowstone the Formicid Hunter began the quest for the
                  | Orb.
     0 | D:1      | Reached XP level 1. HP: 16/16 MP: 1/1
   289 | D:1      | Reached XP level 2. HP: 11/11 MP: 2/2
   566 | D:2      | Reached XP level 3. HP: 19/19 MP: 3/3
   637 | D:2      | Found a faded altar of an unknown god.
   644 | D:2      | Prayed at the altar of an unknown god.
   644 | D:2      | Became a worshipper of Gozag Ym Sagoz the Greedy
  1362 | D:4      | Reached skill level 5 in Ranged Weapons
  1408 | D:4      | Noticed Natasha
  1414 | D:4      | Reached XP level 4. HP: 25/29 MP: 4/4
  1432 | D:5      | Entered Level 5 of the Dungeon
  1440 | D:5      | Noticed a phantom
  1460 | D:5      | Slain by a phantom

Illustrated notes

Levels and vault maps discovered:
D:1:      wander_arrival_peaceful_grave, layout_basic
D:2:      layout_basic, basic_altar, ebering_ecumenical_altar_hall,
          minmay_misc_feat_nine_boxes
D:3:      layout_rooms, kennysheep_generic_room_12
D:4:      layout_basic, kennysheep_vampire_church,
          mainiacjoe_overflow_cross_hatched, lemuel_round_altar, uniq_natasha
D:5:      layout_rooms

Skill      XL: |  1  2  3 |
---------------+----------+-----
Dodging        | 2 |  2.0
Ranged Weapons | 5 |  5.0
Fighting       | |  2.4
Armour         | |  0.2
Stealth        | |  1.3

Action                     |  1- 3 |  4- 6 || total
---------------------------+-------+-------++-------
   Fire: Shortbow          |   107 |    13 ||   120
Ability: Dig               |    32 |       ||    32
  Evoke: Wand              |       |     9 ||     9
    Use: Scroll            |       |     1 ||     1
 Armour: Leather armour    |    21 |     2 ||    23
  Dodge: Dodged            |    62 |    14 ||    76

Table legend: (Time is in decaauts)
 A = Elapsed time spent in this place.
 B = Non-inter-level travel time spent in this place.
 C = Inter-level travel time spent in this place.
 D = Time resting spent in this place.
 E = Time spent auto-exploring this place.
 F = Levels seen in this place.
 G = Mean time per level.
                   A        B        C        D        E       F      G
               +--------+--------+--------+--------+--------+-----+--------+
         Total |   1483 |   1466 |     17 |    127 |    263 |   5 |  296.6 |
       Dungeon |   1483 |   1466 |     17 |    127 |    263 |   5 |  296.6 |
               +--------+--------+--------+--------+--------+-----+--------+

Top non-repeatable levels by time:
     D:3: 628 daAuts
     D:1: 463 daAuts
     D:2: 237 daAuts
     D:4: 125 daAuts
     D:5: 29 daAuts
